 Dungeon Crawl Stone Soup version 0.16.1-11-g651b585 (webtiles) character file.

268 ztt the Shield-Bearer (level 6, 0/55 HPs)
             Began as a Minotaur Fighter on Apr 7, 2015.
             Slain by an ogre
             ... wielding a +0 giant club
              (14 damage)
             ... on level 4 of the Dungeon.
             The game lasted 00:02:33 (2309 turns).

ztt the Shield-Bearer (Minotaur Fighter)            Turns: 2309, Time: 00:02:33

Health: 0/55       AC: 10    Str: 23    XL:     6   Next: 1%
Magic:  3/3        EV:  8    Int:  5    God:
Gold:   194        SH: 10    Dex:  9    Spells: 0 memorised, 5 levels left

rFire  . . .     SeeInvis .     a - +0 war axe
rCold  . . .     Clarity  .     b - +0 scale mail
rNeg   . . .     SustAb   .     c - +0 shield
rPois  .         Gourm    .     (helmet restricted)
rElec  .         Spirit   .     u - +1 cloak
rCorr  .         Warding  .     g - +0 pair of gloves
rMut   .         Stasis   .     (no boots)
MR     .....                    (no amulet)
Stlth  ..........               (no ring)
                                (no ring)

@: not resistant to hostile enchantments, extremely unstealthy
A: retaliatory headbutt, horns 2
a: no special abilities


You were on level 4 of the Dungeon.
You were hungry.

You visited 1 branch of the dungeon, and saw 4 of its levels.

You collected 194 gold pieces.

Inventory:

Hand weapons
 a - a +0 war axe (weapon)
Armour
 b - a +0 scale mail (worn)
 c - a +0 shield (worn)
 g - a +0 pair of gloves (worn)
 u - a +1 cloak (worn)
Jewellery
 q - an uncursed ring of see invisible {unknown}
Magical devices
 s - a wand of random effects (30)
Scrolls
 f - a scroll of blinking {unknown}
 h - 2 scrolls of magic mapping {unknown}
 j - 4 scrolls of amnesia {unknown}
 m - a scroll of fear {unknown}
 r - 3 scrolls of teleportation {unknown}
 t - 2 scrolls of identify {unknown}
 w - a scroll of enchant armour {unknown}
 y - a scroll of fog {unknown}
 z - a scroll of noise {unknown}
 C - a scroll of remove curse {unknown}
Potions
 e - a potion of might
 k - a potion of lignification {unknown}
 l - a potion of magic {unknown}
 n - 2 potions of curing {unknown}
 o - 2 potions of restore abilities {unknown}
 p - a potion of resistance {unknown}
 x - a potion of decay {unknown}
 A - a potion of agility {unknown}
 B - 2 potions of brilliance {unknown}
Comestibles
 d - 4 bread rations
 i - a meat ration
 v - 2 fruits
 D - a beef jerky


   Skills:
 + Level 4.9 Fighting
 + Level 4.4 Axes
 + Level 4.4 Armour
 + Level 1.5 Dodging
 + Level 0.3 Stealth
 + Level 5.2 Shields


You had 5 spell levels left.
You didn't know any spells.

Dungeon Overview and Level Annotations

Branches:
Dungeon (4/15)
 Temple: D:4-7

Altars:
Xom


Innate Abilities, Weirdness & Mutations

You reflexively headbutt those who attack you in melee.
You have a pair of horns on your head.


Message History

The ogre closely misses you.
You hit the ogre.
You headbutt the ogre, but do no damage.
The ogre is lightly wounded.
The ogre hits you with a giant club!!
Unknown command.
You slash the ogre!
The ogre is heavily wounded.
The ogre hits you with a giant club!
* * * LOW HITPOINT WARNING * * *
Unknown command.
You are too injured to fight recklessly!
Unknown command.
You are too injured to fight recklessly!
You barely miss the ogre. You headbutt the ogre!
The ogre is severely wounded.
You barely miss the ogre.
The ogre is severely wounded.
The ogre hits you with a giant club!
You die...

########## #........#
#.#####..# #.#
##...## #.###....(##
##.##.......#
#............
########..##.#....##
#.O@..##..##.#.....
#..###.............##
#.. #........##..##
#. #....######..# #
........ ...
#.##..#### #. #..# .
...# . ..##


You could see an ogre.

Vanquished Creatures
  Sigmund (D:4)
  A hound (D:3)
  Robin (D:2)
  5 gnolls (D:3)
  3 adders
  2 worms
  An ooze (D:4)
  An orc (D:3)
  2 giant cockroaches
  20 goblins
  7 hobgoblins
  3 jackals (D:1)
  3 quokkas
  7 bats
  5 giant newts
  5 kobolds
  8 rats
75 creatures vanquished.

Notes
Turn   | Place    | Note
--------------------------------------------------------------
     0 | D:1      | ztt, the Minotaur Fighter, began the quest for the Orb.
     0 | D:1      | Reached XP level 1. HP: 19/19 MP: 1/1
   257 | D:1      | Reached XP level 2. HP: 27/27 MP: 1/1
   716 | D:2      | Noticed Robin
   718 | D:2      | Reached skill level 4 in Shields
   724 | D:2      | Killed Robin
   729 | D:2      | Reached XP level 3. HP: 33/33 MP: 2/2
  1395 | D:3      | Reached XP level 4. HP: 40/40 MP: 2/2
  1708 | D:3      | Reached XP level 5. HP: 47/47 MP: 2/2
  1718 | D:3      | Reached skill level 1 in Dodging
  1768 | D:3      | Reached skill level 5 in Shields
  1904 | D:3      | Found a shimmering altar of Xom.
  2296 | D:4      | Noticed Sigmund
  2301 | D:4      | Noticed an ogre
  2305 | D:4      | Killed Sigmund
  2305 | D:4      | Reached XP level 6. HP: 46/55 MP: 3/3
  2309 | D:4      | Slain by an ogre

Action                   |  1- 3 |  4- 6 || total
-------------------------+-------+-------++-------
Melee: War axe           |   109 |    84 ||   193
  Eat: Chunk             |     1 |     3 ||     4
